 Dungeon Crawl Stone Soup version 0.29.1-15-g9cfb28693d (webtiles) character file.

Game seed: 10838329565007654400

421 Heoruswealwe the Magician (level 6, -1/32 HPs)
             Began as a Deep Elf Summoner on Mar 16, 2023.
             Was an Initiate of Gozag.
             Killed by divine providence
             ... invoked by an orc priest
              (13 damage)
             ... on level 4 of the Dungeon.
             The game lasted 00:41:51 (2879 turns).

Heoruswealwe the Magician (Deep Elf Summoner)       Turns: 2879, Time: 00:41:52

Health: -1/32      AC:  3    Str:  5    XL:     6   Next: 62%
Magic:  16/18      EV: 12    Int: 22    God:    Gozag
Gold:   416        SH:  0    Dex: 15    Spells: 15/19 levels left

rFire   . . .      SeeInvis .   a - +0 scimitar
rCold   . . .      Faith    .   (no shield)
rNeg    . . .      Spirit   .   b - +0 robe
rPois   .          Reflect  .   (no helmet)
rElec   .          Harm     .   c - +0 cloak
rCorr   .          Rampage  .   (no gloves)
Will    .....                   (no boots)
Stlth   ++........              (no amulet)
HPRegen 0.10/turn               (no ring)
MPRegen 0.16/turn               (no ring)

@: gold aura
A: no striking features
a: Renounce Religion, Potion Petition, Call Merchant, Bribe Branch


You were on level 4 of the Dungeon.
You worshipped Gozag.
Gozag was aware of your devotion.
You visited 1 branch of the dungeon, and saw 4 of its levels.

You collected 416 gold pieces.

Inventory:

Hand Weapons
 a - a +0 scimitar (weapon)
Armour
 b - a +0 robe (worn)
 c - a +0 cloak (worn)
Magical Staves
 f - a staff of death
Scrolls
 d - a scroll of fog {unknown}
 g - a scroll of blinking
 h - 2 scrolls of amnesia
 i - 3 scrolls of noise {unknown}
 j - a scroll of enchant weapon
 k - 2 scrolls of teleportation
 q - a scroll of enchant armour
Potions
 l - a potion of magic
 m - 5 potions of attraction {unknown}
 n - a potion of degeneration {unknown}
 r - 2 potions of invisibility {unknown}
 s - a potion of cancellation {unknown}


   Skills:
 - Level 2.4 Dodging
 - Level 2.4 Stealth
 + Level 7.0 Spellcasting
 + Level 6.9 Summonings


You had 15 spell levels left.
You knew the following spells:

 Your Spells              Type           Power      Damage    Failure   Level
a - Summon Small Mammal   Summ           100%       N/A       1%          1
b - Call Canine Familiar  Summ           38%        N/A       1%          3

Your spell library contained the following spells:

 Spells                   Type           Power      Damage    Failure   Level
 Call Imp                 Summ           38%        N/A       1%          2
 Summon Guardian Golem    Hex/Summ       23%        N/A       6%          3
 Sandblast                Erth           14%        2d6       9%          1
 Sting                    Tmut/Pois      28%        1d4       9%          1
 Passwall                 Tmut/Erth      5%         N/A       12%         2
 Poisonous Vapours        Pois/Air       14%        N/A       12%         2
 Summon Lightning Spire   Summ/Air       23%        N/A       19%         4
 Dazzling Flash           Conj/Hex       14%        N/A       24%         3
 Stone Arrow              Conj/Erth      14%        3d7       24%         3
 Iskenderun's Mystic Bla  Conj/Tloc      7%         2d4       63%         4
 Olgreb's Toxic Radiance  Pois           7%         N/A       63%         4
 Starburst                Conj/Fire      3%         6d3       100%        6


Dungeon Overview and Level Annotations

Branches:
Dungeon (4/15)
 Temple: D:4-7

Altars:
Gozag


Message History

A ball python comes into view.
The ball python hisses angrily.
You hear a shout! x2
A quokka comes into view.
The quokka moves out of view.
The quokka is distracted by your dazzling golden aura.
An orc comes into view. It is wielding a +0 hand axe.
The quokka is no longer distracted by gold.
Your hound misses the orc wizard.
The orc wizard barely misses your hound.
Your hound barely misses the orc wizard.
The orc priest invokes the aid of Beogh against you.
Beogh smites you!
The orc wizard hits your hound but does no damage.
Your hound bites the orc wizard.
The orc wizard closely misses your hound.
Your hound closely misses the orc wizard.
The orc wizard barely misses your hound.
Your hound barely misses the orc wizard.
The orc wizard barely misses your hound.
Your hound closely misses the orc wizard.
The orc wizard barely misses your hound.
Your hound barely misses the orc wizard.
The orc wizard barely misses your hound.
Your hound bites the orc wizard.
The orc wizard hits your hound with a +1 dagger of speed.
Your hound barely misses the orc wizard.
The orc wizard mumbles some strange words.
The orc wizard flickers and vanishes!
Deactivating autopickup; reactivate with Ctrl-A.
Your hound closely misses something.
Something hits your hound but does no damage.
The orc priest invokes the aid of Beogh against you.
Something writhes in agony!
Reactivating autopickup.
You feel a bit more experienced.
Your hound completely misses the orc priest.
The orc priest calls down the wrath of Beogh upon you.
Beogh smites you!
You die...
Your body crumbles into a pile of gold.

..# #.# #.# #.# . #.#
o.. #.#
#.or######.#######.###
#5roh..##....<.......
######...@........###
##############


You could see an orc priest (ally target), 2 quokkas and a friendly hound
(summoned).

Vanquished Creatures
  A worm (D:2)
  A dart slug (D:1)
  3 bats (D:2)
  An endoplasm (D:3)
  A giant cockroach (D:1)
  A hobgoblin (D:3)
  A jackal (D:1)
  A ball python (D:1)
  A frilled lizard (D:2)
11 creatures vanquished.

Vanquished Creatures (collateral kills)
  Sigmund (D:2)
  A phantom (D:3)
  Crazy Yiuf (D:2)
  2 orc wizards (D:2)
  2 adders
  2 worms
  2 dart slugs
  4 orcs
  4 endoplasms
  2 giant cockroaches
  6 goblins
  4 hobgoblins
  3 jackals (D:1)
  2 quokkas
  5 ball pythons
  3 bats
  3 frilled lizards
  6 kobolds
  4 rats
57 creatures vanquished.

Vanquished Creatures (others)
  An orc wizard (D:4)
1 creature vanquished.

Grand Total: 69 creatures vanquished

Notes
Turn   | Place    | Note
-------+----------+-------------------------------------------
     0 | D:1      | Heoruswealwe the Deep Elf Summoner began the quest for the
                  | Orb.
     0 | D:1      | Reached XP level 1. HP: 10/10 MP: 6/6
   113 | D:1      | Reached XP level 2. HP: 14/15 MP: 5/8
   498 | D:1      | Reached skill level 4 in Spellcasting
   518 | D:1      | Reached XP level 3. HP: 13/19 MP: 5/10
   522 | D:1      | Learned a level 3 spell: Call Canine Familiar
   553 | D:1      | Reached skill level 5 in Summonings
   606 | D:1      | Found a faded altar of an unknown god.
   642 | D:1      | Prayed at the altar of an unknown god.
   642 | D:1      | Became a worshipper of Gozag Ym Sagoz the Greedy
   950 | D:2      | Reached XP level 4. HP: 15/24 MP: 5/12
   960 | D:2      | Reached skill level 5 in Spellcasting
  1009 | D:2      | Noticed Sigmund
  1076 | D:2      | Killed Sigmund
  1077 | D:2      | Reached skill level 6 in Spellcasting
  1077 | D:2      | Reached XP level 5. HP: 7/28 MP: 1/15
  1363 | D:2      | Found a runed translucent door.
  1364 | D:2      | Noticed Crazy Yiuf
  1382 | D:2      | Killed Crazy Yiuf
  1383 | D:2      | Reached XP level 6. HP: 32/32 MP: 7/17
  2551 | D:3      | Identified the +1 leather armour of Dogma {rCorr Dex-3
                  | SInv}
  2580 | D:3      | Reached skill level 7 in Spellcasting
  2879 | D:4      | Killed from afar by an orc priest

Illustrated notes

Levels and vault maps discovered:
D:1:      dpeg_arrival_yet_another_circle, layout_rooms,
          shapermc_ecumenical_altar_mp_highgroup, hangedman_abyss_or_decor_stabs
D:2:      layout_rooms, uniq_crazy_yiuf_cottage, uniq_sigmund
D:3:      layout_loops_ring
D:4:      layout_loops_ring, hangedman_abyss_or_decor_slice, minivault_11,
          st_stairs_2

Skill      XL: |  1  2  3  4  5  6 |
---------------+-------------------+-----
Spellcasting   | 4 6 7 |  7.0
Summonings     | 5 6 |  6.9
Dodging        | |  2.4
Stealth        | |  2.4

Action                   |  1- 3 |  4- 6 || total
-------------------------+-------+-------++-------
Melee: Dagger            |    44 |     6 ||    50
       Long sword        |       |     4 ||     4
 Cast: Summon Small Mamm |    20 |       ||    20
       Call Canine Famil |     6 |    16 ||    22
  Use: Potion            |       |     2 ||     2
       Scroll            |       |     8 ||     8
Armor: Robe              |    18 |     5 ||    23
Dodge: Dodged            |    42 |     4 ||    46
